tourhack, neutral male human Tourist ------ ----- |....| |...| |.`..----.%.| |.``........| |..--->---..| |---------.--- |..^^^<|.....| |..----|.....| --.| |.....| |.-----.%...| |.`@...%..%%| |.h---------- ---- tourhack the Sightseer Experience level: 4 Strength: 11 Dexterity: 12 Constitution: 12 Intelligence: 16 Wisdom: 10 Charisma: 15 Health: 0(28) Energy: 16(16) Def: 9 Gold: 851 Moves: 3176 Dungeon seed: aHh55SRwR2ZA_6YH Game ID: tourhack_1440771221 Your Inventory: Coins $ - 851 gold pieces Weapons a - 23 +2 darts (in quiver) I - 2 +0 elven daggers (wielded) Armor e - an uncursed +0 Hawaiian shirt (being worn) r - an uncursed +0 orcish helm (being worn) y - a blessed +0 pair of low boots (being worn) z - an uncursed +0 cloak of displacement (being worn) N - a blessed +1 elven mithril-coat (being worn) X - a cursed +0 pair of iron shoes Y - an uncursed +0 dwarvish cloak Comestibles c - an uncursed tripe ration f - 7 uncursed food rations g - an uncursed egg h - an uncursed carrot Q - an uncursed pear W - 2 uncursed eggs Scrolls C - 2 uncursed scrolls of identify K - an uncursed scroll of light M - an uncursed scroll of teleportation T - an uncursed scroll of earth U - a cursed scroll of earth Spellbooks F - an uncursed spellbook of remove curse Potions j - a blessed potion of extra healing n - an uncursed potion of extra healing D - an uncursed potion of gain ability E - an uncursed potion of booze G - an uncursed potion of hallucination O - 2 uncursed potions of water Rings P - an uncursed ring of poison resistance Wands L - a wand of secret door detection (0:11) R - a wand of speed monster (0:2) Tools k - an uncursed credit card m - an expensive camera (0:38) J - an uncursed tin whistle Z - a +0 pick-axe Gems q - an uncursed worthless piece of white glass Spells and supernatural/magical abilities: Name Level Category Fail Memory W - pray for help -- divine ? -- Your skills at the end: Fighting Skills Weapon Skills dart [Basic] Spellcasting Skills Final Attributes: You were piously aligned. You were fire resistant. You were displaced. You were fast. You were lucky. You are dead. Vanquished creatures: a gray ooze a floating eye a dwarf a giant bat 2 iguanas a hobbit a large kobold a giant rat a cave spider a brown mold 2 green molds a red mold 3 gnomes 4 garter snakes 2 geckos 6 jackals a fox 2 kobolds 4 goblins 6 grid bugs 2 bats 5 lichens 3 newts 52 creatures vanquished. Voluntary challenges: You used a wielded weapon 48 times, starting on turn 2086. You read items or engraved 60 times, starting on turn 626. You never genocided any monsters. You never polymorphed an object. You never changed form. You used no wishes. You never split a pudding. You wrote Elbereth's name 54 times, starting on turn 626. You never violated your personal moral code. Dungeon overview: The Dungeons of Doom: levels 1 to 7 Level 1 a fountain a long staircase Level 2 a fountain Level 3 a general store, an altar to Offler, a fountain Level 4 stairs to The Gnomish Mines Level 5 many fountains Level 6 a fountain stairs to Sokoban Level 7 The Gnomish Mines: Level 5 stairs to The Dungeons of Doom Sokoban: Level 5 <- You were here stairs to The Dungeons of Doom History has recorded: On T:1 you entered the Dungeons of Doom to retrieve the Amulet of Yendor! On T:354 you reached level 2 of The Dungeons of Doom. On T:604 you advanced to experience level 2. On T:1010 you advanced to experience level 3. On T:1074 you reached level 3 of The Dungeons of Doom. On T:1486 you reached level 4 of The Dungeons of Doom. On T:2175 you reached level 1 of The Gnomish Mines. On T:2206 you reached level 5 of The Dungeons of Doom. On T:2245 you reached level 6 of The Dungeons of Doom. On T:2543 you advanced to experience level 4. On T:2750 you reached level 7 of The Dungeons of Doom. On T:2809 you reached level 4 of Sokoban. Score breakdown: Gold: 429 ( 8958 points) Experience: 4 levels ( 9649 points) Exploration: 7 levels ( 14.89%) (10834 points) Discoveries: 5 items ( 1.68%) ( 3885 points) Valuables value: (no points given unless you survive) Artifact value: 0 ( 0 points) Variety of kills: 23 monsters ( 6.04%) ( 7370 points) Turncount: 3176 turns ( -684 points) Survival: died (score multiplied by 80%) Total score: 32009 Latest messages: You write in the dust with your fingers. The dwarf swings his broad pick. The dwarf hits! You die... Final status: Aloha tourhack the Tourist, killed by a dwarf... You died in Sokoban on dungeon level 5 with 32009 points, and 851 pieces of gold, after 3176 moves. You were level 4 with a maximum of 28 hit points when you died.